 Dungeon Crawl Stone Soup version 0.28-b1-25-g9875b3fc8c (webtiles) character file.

Game seed: 9542783398701455870

7 sanka the Magician (level 1, -3/11 HPs)
             Began as a Deep Elf Transmuter on Feb 8, 2022.
             Slain by a quokka (4 damage)
             ... on level 1 of the Dungeon.
             The game lasted 00:00:29 (523 turns).

sanka the Magician (Deep Elf Transmuter)             Turns: 523, Time: 00:00:29

Health: -3/11      AC:  2    Str:  7    XL:     1   Next: 91%
Magic:  7/7        EV: 12    Int: 17    God:
Gold:   0          SH:  0    Dex: 15    Spells: 6/7 levels left

rFire   . . .      SeeInvis .     - Unarmed
rCold   . . .      Faith    .   (no shield)
rNeg    . . .      Spirit   .   a - +0 robe
rPois   .          Reflect  .   (helmet currently unavailable)
rElec   .          Harm     .   (no cloak)
rCorr   .          Rampage  .   (no gloves)
Will    .....                   (boots currently unavailable)
Stlth   +.........              (no amulet)
HPRegen 0.03/turn               (no ring)
MPRegen 0.10/turn               (no ring)

@: appendages (expiring)
A: horns 2, talons 2
a: End Transformation


You were on level 1 of the Dungeon.
You had temporarily grown beastly horns and talons.
You visited 1 branch of the dungeon, and saw 1 of its levels.

Inventory:

Armour
 a - a +0 robe (worn)
Jewellery
 b - a +6 ring of intelligence
Scrolls
 c - a scroll of fog {unknown}


   Skills:
 - Level 0.7 Fighting
 - Level 2.4 Dodging
 - Level 2.4 Unarmed Combat
 + Level 3.9 Spellcasting
 - Level 2.1 Transmutations


You had 6 spell levels left.
You knew the following spells:

 Your Spells              Type           Power      Damage    Failure   Level
a - Beastly Appendage     Tmut           20%        N/A       6%          1

Your spell library contained the following spells:

 Spells                   Type           Power      Damage    Failure   Level
 Wereblood                Tmut           10%        N/A       10%         2
 Spider Form              Tmut/Pois      7%         N/A       30%         3
 Ice Form                 Ice/Tmut       7%         N/A       71%         4


Dungeon Overview and Level Annotations

Branches:
Dungeon (1/15)

Altars:

Shops:
D:1 ?


Innate Abilities, Weirdness & Mutations

You have temporarily grown beastly horns and talons.


Message History

You kill the jackal!
The jackal completely misses you.
You hit the jackal but do no damage.
The jackal is moderately wounded.
The jackal closely misses you.
You hit the jackal but do no damage. You claw the jackal.
You kill the jackal!
Unknown command.
You hit the quokka but do no damage. The quokka misses you.
Unknown command.
You hit the quokka but do no damage. Your kick misses the quokka.
You headbutt the quokka.
The quokka is lightly wounded.
The quokka bites you but does no damage.
You barely miss the quokka. Your headbutt misses the quokka.
The quokka is lightly wounded.
The quokka bites you.
Unknown command.
You closely miss the quokka. Your kick misses the quokka.
Your transformation is almost over.
The quokka barely misses you.
Unknown command.
You closely miss the quokka. The quokka misses you.
You hit the quokka.
The quokka is moderately wounded.
The quokka bites you.
You hit the quokka. Your headbutt misses the quokka.
The quokka is almost dead.
The quokka closely misses you.
You closely miss the quokka.
The quokka is almost dead.
The quokka closely misses you. The quokka barely misses you.
You barely miss the quokka.
The quokka is almost dead.
The quokka bites you.
* * * LOW HITPOINT WARNING * * *
You barely miss the quokka.
The quokka is almost dead.
The quokka bites you.
You die...

........###...........######....#
###.#................## ####.#
#.................... ..
#.>...#.....###.....#
...........## #...#
>.........#### ###.###
..#.###......###..∩..
.##.###.....†.##.#.#.###
.##.#...#..#..rr@.......
......####.###K##...#### .###.##
#.....# ...# #. ####... ...# K.
...##...# .r. .##.# ...# .... ##
#.. .... ##### ### ...##


You could see a quokka, a kobold and a rat.

Vanquished Creatures
  An endoplasm (D:1)
  2 jackals (D:1)
  A quokka (D:1)
  A ball python (D:1)
  2 kobolds (D:1)
7 creatures vanquished.

Notes
Turn   | Place    | Note
-------+----------+-------------------------------------------
     0 | D:1      | sanka the Deep Elf Transmuter began the quest for the Orb.
     0 | D:1      | Reached XP level 1. HP: 11/11 MP: 6/6
   506 | D:1      | Found Jefieh's Magic Scroll Shoppe.
   523 | D:1      | Slain by a quokka

Illustrated notes

Levels and vault maps discovered:
D:1:      onia_arrival_pyramid, layout_rooms, serial_shops,
          nicolae_shop_crystal, shapermc_ecumenical_altar_starsandcircs,
          chequers_serial_rivers_micro_e

Action                   || total
-------------------------++-------
Melee: Unarmed           ||    30
       Kick              ||     4
       Headbutt          ||     3
 Cast: Beastly Appendage ||     7
Armor: Robe              ||     3
Dodge: Dodged            ||    25
